 Dungeon Crawl Stone Soup version 0.19.1-1-g22dce08 (webtiles) character file.

437 Kiturien the Sneak (level 7, -2/48 HPs)
             Began as an Octopode Fighter on Jan 17, 2017.
             Slain by an ice beast (7 damage)
             ... on level 5 of the Dungeon.
             The game lasted 00:13:16 (3680 turns).

Kiturien the Sneak (Octopode Fighter)               Turns: 3680, Time: 00:13:16

Health: -2/48      AC:  1    Str: 15    XL:     7   Next: 1%
Magic:  7/7        EV: 13    Int: 10    God:
Gold:   199        SH:  9    Dex: 14    Spells: 0 memorised, 6 levels left

rFire  . . .     SeeInvis .     a - +0 rapier
rCold  . . .     Gourm    .     b - +0 shield
rNeg   . . .     Faith    .     (helmet restricted)
rPois  .         Spirit   .     (no amulet)
rElec  .         Reflect  .     j - ring of wizardry
rCorr  .         Harm     .     (no ring)
MR     .....                    (no ring)
Stlth  ++++......               (no ring)
                                (no ring)
                                (no ring)
                                (no ring)
                                (no ring)

@: no status effects
A: almost no armour, stealthy swim, amphibious, 8 rings, constrict 8, camouflage
1, gelatinous body 1
a: no special abilities


You were on level 5 of the Dungeon.
You were not hungry.

You visited 1 branch of the dungeon, and saw 5 of its levels.

You collected 199 gold pieces.

Inventory:

Hand Weapons
 a - a +0 rapier (weapon)
 s - a +6 flail of protection
Armour
 b - a +0 shield (worn)
Jewellery
 j - a ring of wizardry (left tentacle)
Scrolls
 e - 7 scrolls of identify
 g - a scroll of enchant armour {unknown}
 h - 2 scrolls of remove curse
 i - 3 scrolls of recharging
 k - a scroll of fog {unknown}
 m - a scroll of fear {unknown}
 o - 2 scrolls of teleportation {unknown}
 p - a scroll of amnesia {unknown}
 q - a scroll of noise {unknown}
Potions
 c - 3 potions of might
 l - 3 potions of curing
 r - 2 potions of cancellation
 v - a potion of degeneration {unknown}
Comestibles
 d - 2 bread rations
 f - a royal jelly
 n - 3 meat rations
 t - 6 fruits
 u - a beef jerky


   Skills:
 * Level 4.1 Fighting
 + Level 3.6 Short Blades
 + Level 3.8 Dodging
 * Level 5.0 Stealth
 * Level 4.2 Shields
 * Level 1.1 Unarmed Combat


You had 6 spell levels left.
You didn't know any spells.

Dungeon Overview and Level Annotations

Branches:
Dungeon (5/15)
 Temple: D:4-7

Altars:
Makhleb
Nemelex Xobeh
Yredelemnul
Zin


Innate Abilities, Weirdness & Mutations

You cannot wear most types of armour.
You are very stealthy in the water. (Stealth+)
You are amphibious.
You can wear up to eight rings at the same time.
You can use your tentacles to constrict eight enemies at once.
Your skin changes colour to match your surroundings (Stealth+).
Your rubbery body absorbs attacks. (AC +1, EV +1)


Message History

The ice beast is lightly wounded.
The ice beast barely misses you.
You puncture the ice beast!
The ice beast is heavily wounded.
You block the ice beast's attack.
You barely miss the ice beast.
The ice beast is heavily wounded.
You block the ice beast's attack.
You barely miss the ice beast.
The ice beast is heavily wounded.
The ice beast misses you.
You hit the ice beast.
The ice beast is severely wounded.
The ice beast closely misses you.
You hit the ice beast.
The ice beast is severely wounded.
The ice beast hits you.
* * * LOW HITPOINT WARNING * * *
The ice beast freezes you!
You die...

.......#...##..##...#
.....o.#...##'###...#
......Y#........#
.......#........#
.......#........#
.......#........#
.......'........#
......%#Y[......#
.......#@.......#
.......#........#
.......#.......##
.......#.......#
....>..#...##...#
.......#...##...+
#...##..## #...##..#
#...#....


You could see an ice beast.

Vanquished Creatures
  Edmund (D:4)
  A howler monkey (D:4)
  The ghost of Lahna the Sneak, a weakling SpAs (D:3)
  An orc priest (D:5)
  Jessica (D:2)
  2 orc wizards
  A worker ant (D:4)
  6 adders
  2 worms
  2 leopard geckos (D:4)
  7 orcs
  8 giant cockroaches
  5 goblins
  5 hobgoblins
  3 jackals (D:4)
  6 kobolds
  A quokka (D:3)
  6 bats
  3 frilled lizards
  6 rats
68 creatures vanquished.

Notes
Turn   | Place    | Note
-------+----------+-------------------------------------------
     0 | D:1      | Kiturien the Octopode Fighter began the quest for the Orb.
     0 | D:1      | Reached XP level 1. HP: 16/16 MP: 1/1
   404 | D:1      | Reached XP level 2. HP: 21/21 MP: 2/2
  1002 | D:2      | Found a basalt altar of Yredelemnul.
  1132 | D:2      | Reached XP level 3. HP: 26/26 MP: 3/3
  1137 | D:2      | Found a sparkling altar of Nemelex Xobeh.
  1261 | D:2      | Noticed Jessica
  1268 | D:2      | Killed Jessica
  1268 | D:2      | Reached skill level 1 in Stealth
  1268 | D:2      | Reached XP level 4. HP: 31/31 MP: 4/4
  1641 | D:3      | Reached skill level 2 in Stealth
  1767 | D:3      | Found a burning altar of Makhleb.
  1767 | D:3      | Found a glowing silver altar of Zin.
  1768 | D:3      | Noticed an angel
  1768 | D:3      | Noticed a blizzard demon
  1805 | D:3      | Found a faded altar of an unknown god.
  2247 | D:3      | Reached XP level 5. HP: 36/36 MP: 5/5
  2302 | D:3      | Noticed Lahna's ghost (weakling SpAs)
  2334 | D:3      | Killed Lahna's ghost
  2334 | D:3      | Reached skill level 3 in Stealth
  2949 | D:4      | Reached skill level 4 in Stealth
  2987 | D:4      | Reached XP level 6. HP: 43/43 MP: 6/6
  2997 | D:4      | Found a glowing drain.
  3011 | D:4      | Noticed Edmund
  3106 | D:4      | Killed Edmund
  3106 | D:4      | Reached skill level 1 in Unarmed Combat
  3615 | D:5      | Entered Level 5 of the Dungeon
  3655 | D:5      | Noticed an ice beast
  3667 | D:5      | Reached skill level 5 in Stealth
  3667 | D:5      | Reached XP level 7. HP: 35/48 MP: 7/7
  3680 | D:5      | Slain by an ice beast

Skill      XL: |  1  2  3  4  5  6 |
---------------+-------------------+-----
Stealth        | 1 2 4 5 |  5.0
Short Blades   | 3 |  3.6
Fighting       | 4 |  4.1
Shields        | 4 |  4.2
Unarmed Combat | 1 |  1.1
Dodging        | |  3.8

Action                   |  1- 3 |  4- 6 |  7- 9 || total
-------------------------+-------+-------+-------++-------
Melee: Rapier            |    38 |   101 |    13 ||   152
       Constrict         |    11 |    27 |     1 ||    39
       Tentacles         |     6 |    20 |     2 ||    28
  Use: Scroll            |       |     4 |       ||     4
 Stab: Sleeping          |     4 |    11 |       ||    15
       Distracted        |       |     2 |       ||     2
  Eat: Bread ration      |     1 |     1 |       ||     2
Armor: Skin              |     1 |     4 |     1 ||     6
Dodge: Dodged            |    12 |    24 |     7 ||    43
Block: Shield            |    16 |    24 |     5 ||    45
